 Dungeon Crawl Stone Soup version 0.30-a0-377-g5cb311bc9f (webtiles) character file.

Game seed: 9842415531802952071

871 qeuew the Covert (level 7, -2/36 HPs)
             Began as a Spriggan Brigand on Nov 29, 2022.
             Was an Initiate of Hepliaklqana.
             Killed by divine providence
             ... invoked by an orc priest
              (11 damage)
             ... on level 5 of the Dungeon.
             The game lasted 00:07:49 (3736 turns).

qeuew the Covert (Spriggan Brigand)                 Turns: 3736, Time: 00:07:50

Health: -2/36      AC:  3    Str:  7    XL:     7   Next: 73%
Magic:  8/8        EV: 19    Int: 13    God:    Hepliaklqana [......]
Gold:   206        SH:  0    Dex: 18    Spells: 6/6 levels left

rFire   + . .      SeeInvis +    a - +3 dagger (chaos)
rCold   + . .      Faith    .    (no shield)
rNeg    . . .      Spirit   .    b - +1 robe
rPois   .          Reflect  +    (helmet restricted)
rElec   .          Harm     .    g - scarf {rC+ rF+}
rCorr   .          Rampage  .    (gloves unavailable)
Will    +....                    (boots unavailable)
Stlth   ++........               f - amulet of reflection
HPRegen 0.26/turn                (no ring)
MPRegen 0.11/turn                (no ring)

@: confused, mighty, very quick
A: very small, no large weapons, unfitting armour, see invisible, speed 3
a: Renounce Religion


You were on level 5 of the Dungeon.
You worshipped Hepliaklqana.
Hepliaklqana was noncommittal.
You visited 2 branches of the dungeon, and saw 6 of its levels.

You collected 206 gold pieces.

Inventory:

Hand Weapons
 a - a +3 dagger of chaos (weapon)
Missiles
 d - 18 poisoned darts (quivered)
 e - 2 curare-tipped darts
Armour
 b - a +1 robe (worn)
 g - a scarf of resistance (worn)
Jewellery
 f - an amulet of reflection (around neck)
Wands
 j - a wand of quicksilver (15)
 l - a wand of charming (8)
Scrolls
 c - a scroll of blinking
 n - a scroll of identify
 q - a scroll of enchant weapon
 u - a scroll of magic mapping
Potions
 h - 2 potions of ambrosia
 k - a potion of berserk rage {unknown}
 m - 3 potions of curing


   Skills:
 + Level 3.0 Fighting
 + Level 4.0 Short Blades
 + Level 3.8 Throwing
 + Level 4.4 Dodging
 * Level 9.3 Stealth
 + Level 1.3 Invocations
 + Level 3.7 Evocations


You had 6 spell levels left.
You didn't know any spells.
Your spell library contained the following spells:

 Spells                   Type           Power      Damage    Failure   Level
 Ignite Poison            Fire/Tmut/Pois 0%         N/A       67%         3
 Kindle Blastsparks       Fire/Tloc/Air  0%         2d10      67%         3
 Freezing Cloud           Conj/Ice/Air   0%         6-21      100%        5


Dungeon Overview and Level Annotations

Branches:
Dungeon (5/15)             Temple (1/1) D:4

Altars:
Elyvilon
Fedhas
Hepliaklqana
Makhleb
Nemelex Xobeh
Okawaru
Qazlal
Sif Muna
Wu Jian
Yredelemnul

Shops:
D:3 =


Innate Abilities, Weirdness & Mutations

You are very small and have problems with some larger weapons.
You are too small for most types of armour.
You have supernaturally acute eyesight. (SInv)
You cover ground extremely quickly. (Speed+++)


Message History

You feel sick.
An orc priest comes into view. It is wielding a +0 dagger.
You feel sick. The orc wizard barely misses you.
You block the orc priest's attack.
You hit the orc wizard.
The orc wizard seems to grow stronger.
The orc wizard is lightly wounded.
You feel sick.
The orc wizard gestures at you while chanting.
You are confused.
The orc priest calls upon Beogh to heal the orc wizard.
The orc wizard's wounds heal themselves!
The orc priest mumbles some strange prayers to Beogh against you.
Beogh smites you!
You are too confused!
Unknown command.
You barely miss the orc wizard.
You feel sick.
An orc comes into view. It is wielding a +0 club.
The orc wizard gestures wildly while chanting.
The orc wizard flickers and vanishes for a moment.
The orc priest looks braver for a moment.
Unknown command.
Unknown command.
You feel very mighty all of a sudden.
You feel sick. The orc priest closely misses you. The orc wizard misses you.
The orc priest misses you.
Unknown command.
You hit the orc wizard.
The orc wizard is lightly wounded.
Unknown command.
You feel sick.
The orc priest calls down the wrath of Beogh upon you.
Pain shoots through your body!
* * * LOW HITPOINT WARNING * * *
Unknown command.
You bump into the rock wall.
You feel sick.
You are no longer poisoned.
The orc wizard hits you but does no damage.
The orc priest calls down the wrath of Beogh upon you.
Beogh smites you!
You die...

#. .. #. ## #. #
##. .... .#
.####..#.#.#.#
.............#
.......o.o.#.#
.........##..#
......oo#.#..###
......##@#.....#
#....#.##....#.##
.#..#.#.#$.......
#..##.#.....#.##
#....##........#
. ...........###
#.# ...........#
#.#
....##......#####
#.#
#..##.#.........#
#.#


You could see 2 orc priests and an orc wizard (strong, invisible).

Vanquished Creatures
  Sigmund (D:3)
  An ice beast (D:5)
  An ogre (D:5)
  A phantom (D:5)
  2 scorpions
  A hound (D:4)
  Ijyb (D:3)
  Natasha (thrice) (D:3)
  An orc wizard (D:3)
  A gnoll (D:2)
  9 adders
  A shadow imp (D:5)
  A white imp (D:5)
  An ufetubus (D:5)
  A worm (D:3)
  4 dart slugs
  6 orcs (D:3)
  6 endoplasms
  2 giant cockroaches
  7 goblins
  4 hobgoblins
  15 jackals
  7 kobolds
  2 quokkas
  6 ball pythons
  5 bats
  2 frilled lizards (D:3)
  7 rats
99 creatures vanquished.

Notes
Turn   | Place    | Note
-------+----------+-------------------------------------------
     0 | D:1      | qeuew the Spriggan Brigand began the quest for the Orb.
     0 | D:1      | Reached XP level 1. HP: 10/10 MP: 2/2
   163 | D:1      | Reached skill level 6 in Stealth
   211 | D:1      | Reached XP level 2. HP: 15/15 MP: 3/3
   251 | D:1      | Found a faded altar of an unknown god.
   584 | D:2      | Reached XP level 3. HP: 13/18 MP: 4/4
  1095 | D:2      | Reached XP level 4. HP: 9/23 MP: 5/5
  1539 | D:3      | Found Zohaadd's Jewellery Shoppe.
  1552 | D:3      | Noticed Natasha
  1561 | D:3      | Reached skill level 7 in Stealth
  1561 | D:3      | Reached skill level 1 in Evocations
  1570 | D:3      | Killed Natasha
  1577 | D:3      | Reached XP level 5. HP: 11/26 MP: 6/6
  1680 | D:3      | Noticed Sigmund
  1719 | D:3      | Killed Sigmund
  1720 | D:3      | Reached skill level 8 in Stealth
  1720 | D:3      | Reached XP level 6. HP: 13/32 MP: 7/7
  1723 | D:3      | Noticed Natasha
  1755 | D:3      | Noticed Ijyb
  1765 | D:3      | Killed Natasha
  1806 | D:3      | Killed Ijyb
  2167 | D:3      | Noticed Natasha
  2223 | D:3      | Killed Natasha
  2784 | D:4      | Found a staircase to the Ecumenical Temple.
  2803 | Temple   | Entered the Ecumenical Temple
  2813 | Temple   | Became a worshipper of Hepliaklqana the Forgotten
  2958 | D:4      | Reached XP level 7. HP: 23/35 MP: 8/8
  3382 | D:5      | Entered Level 5 of the Dungeon
  3550 | D:5      | HP: 1/35 [ogre/+0 giant club (34)]
  3557 | D:5      | Reached skill level 9 in Stealth
  3557 | D:5      | Reached skill level 1 in Invocations
  3736 | D:5      | Killed from afar by an orc priest

Illustrated notes

Levels and vault maps discovered:
D:1:      dpeg_arrival_snail, layout_basic,
          shapermc_ecumenical_altar_notcrosses, st_stairs_13
D:2:      layout_basic, kennysheep_generic_room_8
D:3:      layout_rooms, serial_shops, shop, uniq_ijyb, uniq_sigmund,
          uniq_natasha
D:4:      layout_loops_ring, minmay_temple_entry_large_hall
D:5:      layout_loops_corners, gammafunk_temple_overflow_forgotten,
          serial_shops, shop, minmay_misc_feat_secret_circle,
          grunt_ministairs_9, uniq_menkaure
Temple:   nicolae_temple_bog_church

Skill      XL: |  1  2  3  4  5  6  7 |
---------------+----------------------+-----
Stealth        | 6 7 8 9 |  9.3
Dodging        | 2 3 4 |  4.4
Fighting       | 2 3 |  3.0
Evocations     | 1 2 3 |  3.7
Short Blades   | 3 4 |  4.0
Throwing       | 3 |  3.8
Invocations    | 1 |  1.3

Action                   |  1- 3 |  4- 6 |  7- 9 || total
-------------------------+-------+-------+-------++-------
Melee: Dagger            |    75 |   228 |    41 ||   344
       Punch             |       |     3 |       ||     3
Throw: Dart              |     2 |    10 |    12 ||    24
Evoke: Wand              |       |     1 |     2 ||     3
  Use: Scroll            |     1 |     8 |     5 ||    14
       Potion            |     1 |     4 |     3 ||     8
 Stab: Sleeping          |    18 |    12 |     3 ||    33
       Distracted        |     1 |     3 |       ||     4
Armor: Robe              |     6 |    25 |     4 ||    35
Dodge: Dodged            |    44 |   198 |    27 ||   269
Block: Other             |       |    26 |     7 ||    33
       Reflection        |       |     1 |       ||     1

Table legend: (Time is in decaauts)
 A = Elapsed time spent in this place.
 B = Non-inter-level travel time spent in this place.
 C = Inter-level travel time spent in this place.
 D = Time resting spent in this place.
 E = Time spent auto-exploring this place.
 F = Levels seen in this place.
 G = Mean time per level.
                   A        B        C        D        E       F      G
               +--------+--------+--------+--------+--------+-----+--------+
         Total |   2667 |   2570 |     97 |     36 |   1868 |   6 |  444.5 |
       Dungeon |   2656 |   2563 |     93 |     36 |   1868 |   5 |  531.2 |
        Temple |     11 |      8 |      3 |      0 |      0 |   1 |   11.0 |
               +--------+--------+--------+--------+--------+-----+--------+

Top non-repeatable levels by time:
     D:3: 753 daAuts
     D:2: 678 daAuts
     D:4: 603 daAuts
     D:1: 313 daAuts
     D:5: 307 daAuts
  Temple: 11 daAuts
